Map: 애씨드 플랜트 - 래더

Players

Solar

  • Race: Zerg Zerg
  • League: Platinum
  • Spawn Location: 11:00

Lambo - Winner!

  • Race: Zerg Zerg
  • League: Master
  • Spawn Location: 5:00

Event: HomeStory Cup XVIII

VOD

Have the link to the VOD?

Description

Time

  • Played on: Nov. 23, 2018, 4:37 p.m.
  • Length: 12:08

All games in this series

Show
View Real Time Build Order
Export as new Build Order

Solar Zerg 

Build Orders: Hatch First 

Get SALT Encoding   

  12  0:01  Drone  
  13  0:12  Overlord  
  13  0:16  Drone  
  14  0:31  Drone x2  
  16  0:48  Hatchery  
  15  0:51  Drone  
  15  0:55  Drone  
  17  0:58  Drone  
  18  1:05  Extractor  
  17  1:14  Spawning Pool  
  17  1:17  Drone  
  17  1:21  Drone  
  18  1:28  Drone  
  19  1:39  Drone  
  20  1:49  Overlord  
  20  2:01  Queen x2, Drone x2  
  22  2:06  Metabolic Boost  
  26  2:11  Drone  
  26  2:13  Drone  
  28  2:25  Drone x2  
  30  2:34  Hatchery  
  30  2:37  Zergling x2  
  30  2:39  Drone  
  31  2:46  Baneling Nest  
  31  2:47  Drone  
  31  2:48  Drone  
  32  2:53  Overlord  
  32  2:56  Drone  
  33  3:04  Zergling x4  
  35  3:10  Drone  
  35  3:11  Queen  
  38  3:13  Drone x2  
  38  3:16  Drone  
  38  3:19  Zergling x2  
  42  3:20  Zergling x2  
  42  3:24  Overlord  
  42  3:26  Zergling x2  
  44  3:30  Baneling  
  44  3:31  Baneling  
  43  3:40  Evolution Chamber, Baneling x2  
  42  3:42  Drone x2  
  42  3:43  Zergling x2  
  42  3:44  Zergling x4  
  42  3:45  Zergling x2  
  42  3:46  Drone  
  49  3:50  Overlord  
  49  3:51  Drone  
  50  3:59  Zergling x2  
  50  4:01  Baneling  
  50  4:06  Drone  
  50  4:09  Drone  
  49  4:12  Drone x2  
  49  4:16  Drone x2  
  49  4:17  Drone  
  53  4:20  Zerg Missile Weapons Level 1  
  53  4:25  Extractor x2  
  53  4:26  Drone x3  
  53  4:29  Roach Warren  
  53  4:30  Overlord  
  53  4:33  Drone  
  53  4:37  Drone  
  54  4:39  Drone  
  54  4:45  Drone x4  
  59  4:52  Lair  
  59  4:53  Drone x3  
  59  4:54  Drone  
  59  4:56  Drone  
  59  4:58  Drone  
  65  5:01  Extractor, Overlord  
  65  5:03  Drone  
  65  5:09  Drone  
  65  5:12  Drone x2, Overlord  
  65  5:13  Zergling x4  
  70  5:17  Baneling x2  
  70  5:19  Roach  
  72  5:23  Roach x2  
  81  5:28  Roach x3  
  81  5:29  Zergling x2  
  81  5:32  Overlord  
  79  5:36  Roach x2  
  79  5:37  Roach, Spine Crawler  
  79  5:39  Spine Crawler  
  79  5:40  Baneling x2  
  79  5:41  Roach  
  87  5:43  Roach  
  87  5:44  Roach  
  87  5:47  Overlord  
  87  5:49  Overlord  
  89  5:52  Roach  
  89  5:54  Baneling x2  
  91  5:58  Overlord  
  85  6:04  Roach x3  
  85  6:06  Roach x3  
  85  6:08  Roach  
  85  6:12  Roach  
  85  6:14  Queen  
  85  6:17  Roach x2  
  89  6:23  Queen, Roach  
  89  6:27  Roach  
  89  6:30  Queen, Roach  
  89  6:33  Roach  
  89  6:38  Roach x2  
  88  6:46  Roach  
  86  6:50  Roach x2  
  80  6:56  Roach  
  80  7:00  Roach  
  80  7:01  Roach  
  82  7:06  Roach  
  79  7:14  Roach x2  
  81  7:17  Zerg Missile Weapons Level 2  
  81  7:20  Drone x2  
  81  7:21  Drone  
  84  7:23  Glial Reconstitution  
  84  7:25  Drone x2  
  84  7:26  Drone x2  
  88  7:32  Overseer, Zergling x2  
  88  7:33  Drone  
  90  7:37  Drone  
  90  7:39  Drone x2  
  90  7:40  Drone  
  90  7:41  Drone  
  90  7:43  Drone  
  96  7:48  Ravager  
  96  7:50  Ravager, Drone  
  99  7:52  Drone  
  99  7:54  Drone x3  
  99  7:56  Drone x2  
  99  7:57  Drone x2  
  107  7:59  Overlord  
  107  8:02  Ravager, Baneling x2  
  107  8:03  Drone  
  109  8:07  Extractor, Drone  
  109  8:11  Burrow  
  109  8:12  Extractor  
  108  8:13  Overlord  
  108  8:15  Overseer  
  108  8:16  Overlord  
  108  8:18  Roach  
  110  8:24  Roach x3  
  115  8:27  Overlord  
  115  8:34  Roach x2  
  119  8:38  Overlord, Hatchery  
  118  8:41  Tunneling Claws, Roach x3  
  118  8:45  Roach x2  
  128  8:48  Roach  
  128  8:49  Roach  
  128  8:53  Roach  
  128  8:54  Roach x2  
  138  8:58  Pneumatized Carapace  
  138  9:05  Roach x4  
  146  9:10  Roach x2  
  138  9:23  Drone x2  
  138  9:24  Drone x2  
  141  9:26  Drone  
  141  9:29  Drone  
  133  9:33  Drone x2  
  135  9:39  Overlord  
  135  9:43  Drone x2  
  137  9:48  Drone x3  
  137  9:52  Roach  
  142  9:55  Roach  
  142  9:57  Ravager x4  
  142  9:58  Ravager  
  149  10:04  Roach x2  
  149  10:06  Drone, Roach  
  149  10:07  Drone  
  155  10:08  Roach  
  155  10:10  Overlord, Roach x3  
  155  10:12  Ravager x2  
  159  10:14  Roach  
  159  10:16  Roach  
  159  10:17  Overlord, Roach  
  159  10:18  Roach x2  
  159  10:20  Roach  
  157  10:22  Overlord  
  157  10:24  Overlord x2  
  149  10:30  Roach x2  
  149  10:34  Roach x2  
  157  10:38  Roach  
  157  10:41  Roach  
  159  10:45  Drone x3  
  159  10:46  Drone  
  159  10:48  Drone  
  154  10:50  Drone x2  
  154  10:56  Drone x3  
  159  10:57  Drone  
  159  11:00  Roach  
  159  11:02  Ravager x3  
  159  11:03  Ravager  
  164  11:06  Roach  
  164  11:09  Roach  
  164  11:15  Roach x3  
  166  11:18  Roach  
  166  11:21  Drone x2  
  166  11:25  Ravager, Roach x2  
  173  11:29  Roach x7  
  173  11:30  Roach  
  173  11:31  Roach  
  176  11:33  Roach  
  176  11:37  Roach  
  180  11:43  Overlord x2  
Show
View Real Time Build Order
Export as new Build Order

Lambo Zerg - Winner!

Build Orders: Hatch First 

Get SALT Encoding   

  12  0:00  Drone  
  13  0:12  Overlord  
  13  0:17  Drone  
  14  0:30  Drone x2  
  16  0:47  Hatchery  
  15  0:51  Drone  
  15  0:54  Drone  
  17  0:58  Drone  
  18  1:05  Extractor  
  17  1:12  Spawning Pool  
  17  1:17  Drone  
  17  1:20  Drone  
  18  1:27  Drone  
  19  1:38  Drone  
  20  1:50  Drone  
  21  2:00  Queen x2, Drone  
  21  2:01  Overlord  
  26  2:05  Metabolic Boost  
  26  2:10  Drone  
  26  2:12  Drone  
  28  2:23  Drone x2  
  30  2:34  Hatchery  
  29  2:41  Baneling Nest, Zergling x2  
  29  2:45  Drone x2  
  29  2:49  Overlord  
  31  2:54  Zergling x2  
  31  2:55  Zergling x2  
  33  3:09  Zergling x12  
  33  3:12  Drone  
  40  3:21  Overlord  
  40  3:27  Drone  
  40  3:28  Drone  
  40  3:32  Zergling x2  
  43  3:35  Drone  
  43  3:38  Baneling x4  
  43  3:40  Baneling  
  43  3:41  Drone x6  
  46  3:45  Drone  
  46  3:48  Overlord  
  50  3:59  Drone x2  
  52  4:02  Drone  
  52  4:07  Drone x2  
  52  4:09  Extractor  
  52  4:10  Extractor  
  52  4:12  Queen, Drone x2  
  52  4:13  Roach Warren  
  53  4:18  Drone x2  
  55  4:28  Overlord  
  55  4:30  Zergling x12  
  61  4:39  Overlord  
  61  4:46  Overlord  
  60  4:54  Overlord  
  60  4:56  Overlord  
  60  4:57  Roach x4  
  67  5:05  Roach x3  
  73  5:09  Roach x2  
  73  5:10  Roach  
  73  5:12  Roach  
  81  5:19  Roach x2  
  85  5:28  Zergling x16  
  93  5:31  Zergling x8  
  93  5:34  Baneling x7  
  94  5:36  Baneling x3  
  94  5:38  Zergling x2  
  94  5:42  Baneling x4  
  95  5:43  Zergling x4  
  95  5:48  Zergling x2  
  98  5:50  Zergling x2  
  98  5:53  Zergling x2  
  98  5:56  Zergling x6  
  103  6:03  Zergling x8  
  98  6:07  Ravager  
  98  6:08  Zergling x4  
  98  6:10  Zergling x2  
  90  6:13  Ravager  
  90  6:17  Zergling x6  
  93  6:22  Zergling x6  
  94  6:29  Zergling x4  
  91  6:34  Zergling x2  
  91  6:36  Lair  
  91  6:39  Zergling x2  
  87  6:40  Evolution Chamber  
  87  6:43  Zergling x8  
  85  6:48  Zergling x14  
  83  6:54  Drone  
  83  6:56  Ravager x2, Drone  
  83  6:59  Drone  
  83  7:07  Drone x2  
  77  7:09  Zerg Missile Weapons Level 1  
  77  7:12  Drone x4  
  79  7:17  Evolution Chamber  
  82  7:22  Drone x4  
  82  7:23  Drone x4  
  82  7:25  Extractor  
  82  7:26  Extractor  
  82  7:28  Drone  
  85  7:31  Ravager x2  
  89  7:37  Roach x2  
  89  7:43  Drone x6  
  95  7:47  Zerg Ground Armor Level 1, Glial Reconstitution  
  95  7:51  Pneumatized Carapace  
  95  7:53  Roach  
  95  7:56  Roach x2  
  95  7:57  Hatchery  
  100  8:00  Overlord  
  100  8:04  Overlord  
  100  8:06  Roach  
  100  8:07  Roach  
  100  8:12  Overlord  
  104  8:16  Overlord x2  
  104  8:18  Roach x3  
  104  8:19  Roach  
  112  8:23  Extractor  
  112  8:26  Roach  
  112  8:27  Roach x4  
  121  8:30  Baneling x4  
  121  8:34  Baneling x4  
  121  8:36  Roach x2  
  121  8:40  Roach x2  
  129  8:45  Roach x3  
  135  8:48  Roach  
  135  8:49  Roach  
  135  8:51  Roach  
  135  8:54  Overlord  
  141  8:56  Overlord  
  141  9:01  Overlord  
  141  9:02  Overlord  
  141  9:04  Ravager  
  142  9:14  Roach x6  
  152  9:17  Zerg Missile Weapons Level 2  
  152  9:18  Overseer  
  152  9:23  Roach x2  
  156  9:24  Ravager  
  155  9:32  Roach x5  
  155  9:37  Roach x3  
  171  9:39  Baneling x2  
  171  9:40  Baneling  
  171  9:44  Baneling  
  171  9:46  Roach x2  
  171  9:50  Overlord  
  175  9:52  Overlord  
  175  9:57  Overlord  
  175  10:01  Overlord  
  175  10:04  Overlord  
  175  10:14  Overlord  
  175  10:22  Roach x13  
  175  10:26  Roach x2  
  198  10:29  Roach  
  198  10:30  Overseer  
  197  10:37  Roach x2  
  190  10:51  Roach x5  
  196  10:59  Roach x2  
  196  11:03  Ravager x3  
  200  11:08  Overlord  
  198  11:15  Overlord  
  198  11:21  Roach  
  200  11:26  Overlord  
  200  11:29  Overlord  
  199  11:37  Roach x2  
  199  11:46  Overlord  
  199  11:47  Overlord  
Tags
 
Add a new tag
Caveats
  • Supply blocks, unpowered buildings, or Contaminate may cause inaccurate times.
  • Supply counts are checked every 10 seconds.